 Dungeon Crawl Stone Soup version 0.24.0-1-gfbc8707122 (webtiles) character file.

Game seed: 10261761561903861933, levelgen mode: deterministic

539038 Monsterracer the Rhythm of Life and Death (level 24, -2/216 HPs)
             Began as a Minotaur Air Elementalist on Oct 27, 2019.
             Was a Follower of Uskayaw.
             Slain by a yellow draconian knight
             ... wielding a +0 glaive
              (8 damage)
             ... on level 4 of the Realm of Zot on Oct 28, 2019.
             The game lasted 03:02:08 (98254 turns).

Monsterracer the Rhythm of Life and Death (MiAE)   Turns: 98254, Time: 03:02:08

Health: -2/216     AC: 23    Str: 22 (23) XL:     24   Next: 68%
Magic:  39/39      EV: 19    Int: 10 (12) God:    Uskayaw [*.....]
Gold:   2654       SH: 20    Dex: 14 (15) Spells: 28/28 levels left

rFire    + + +     SeeInvis .     - Unarmed
rCold    + . .     Gourm    .   d - +0 large shield {rN+}
rNeg     + . .     Faith    +   O - +3 storm dragon scales {Bai Suzhen}
rPois    +         Spirit   .   v - -1 hat of the Tundras {rF+++}
rElec    +         Reflect  .   w - +2 cloak {rPois}
rCorr    .         Harm     .   K - +0 pair of gloves of Beogh's Supremacy {rF+}
MR       +....                  q - +2 pair of boots
Stlth    ..........             A - amulet of faith
HPRegen  0.46/turn              C - ring of protection from cold
MPRegen  0.26/turn              X - +6 ring of evasion

@: slowed, very slow
A: retaliatory headbutt, horns 2, agile 1, deformed body, electricity resistance
}: 3/15 runes: barnacled, slimy, gossamer
a: Stomp, Renounce Religion


You were on level 4 of the Realm of Zot.
You worshipped Uskayaw.
Uskayaw was exalted by your worship.
You were not hungry.

You visited 9 branches of the dungeon, and saw 50 of its levels.
You visited 1 ziggurat, and saw 1 of its levels.
You also visited: Sewer and Ice Cave.

You collected 6508 gold pieces.
You spent 3854 gold pieces at shops.

Inventory:

Missiles
 J - 9 throwing nets (quivered) {!f}
Armour
 a - +0 ice dragon scales
   (You found it on level 2 of the Vaults)
 d - a +0 large shield of positive energy (worn)
   (You found it on level 5 of the Pits of Slime)
 l - +0 gold dragon scales
   (You found it on level 1 of the Realm of Zot)
 q - a +2 pair of boots (worn)
   (You bought it in a shop on level 5 of the Dungeon)
 v - the -1 hat of the Tundras (worn) {rF+++}
   (You acquired it on level 3 of the Depths)

   It renders you almost immune to fire.
 w - a +2 cloak of poison resistance (worn)
   (You acquired it on level 5 of the Pits of Slime)
 K - the +0 pair of gloves of Beogh's Supremacy (worn) {rF+}
   (You acquired it on level 10 of the Dungeon)

   It protects you from fire.
 O - +3 storm dragon scales (worn) {Bai Suzhen}
   (You found it on level 4 of the Vaults)
 Y - a +2 hat of intelligence
   (You found it on level 2 of the Depths)
Jewellery
 o - a +4 ring of protection
   (You found it on level 2 of the Dungeon)
 p - an uncursed amulet of rage
   (You found it on level 3 of the Shoals)
 A - an amulet of faith (around neck)
   (You found it on level 3 of the Lair of Beasts)
 C - a ring of protection from cold (left hand)
   (You found it on level 3 of the Lair of Beasts)
 M - an uncursed ring of protection from magic
   (You found it on level 2 of the Vaults)
 R - the ring of Keppuad {rF+ rCorr}
   (You bought it in a shop on level 9 of the Dungeon)

   [ring of resist corrosion]

   It protects you from fire.
   It provides partial protection from all sources of acid and corrosion.
 S - an uncursed ring of see invisible
   (You found it on level 5 of the Dungeon)
 X - a +6 ring of evasion (right hand)
   (You found it on level 2 of the Depths)
Wands
 n - a wand of acid (8)
   (You bought it in a shop on level 2 of the Orcish Mines)
 z - a wand of digging (11)
   (You found it on level 5 of the Dungeon)
 B - a wand of iceblast (11)
   (You found it on level 6 of the Dungeon)
 D - a wand of clouds (7)
   (You found it on level 4 of the Shoals)
 V - a wand of scattershot (6)
   (You found it on level 2 of the Vaults)
Scrolls
 f - 16 scrolls of identify
 m - 4 scrolls of magic mapping
 r - 10 scrolls of remove curse
 s - 4 scrolls of summoning {!r}
 t - 8 scrolls of teleportation {!r}
 Z - 6 scrolls of fog
Potions
 b - 2 potions of invisibility
 e - 9 potions of curing
 g - 5 potions of agility
 h - a potion of haste
 i - 5 potions of magic
 j - 8 potions of might
 k - 5 potions of cancellation
 u - 5 potions of resistance
 x - 6 potions of lignification
 E - 10 potions of flight
 G - 2 potions of mutation {!q}
 P - 2 potions of berserk rage {!q}
 W - 7 potions of ambrosia {!q}
Miscellaneous
 y - a phial of floods
   (You found it on level 6 of the Lair of Beasts)
 I - a fan of gales
   (You found it on level 4 of the Shoals)
 L - 2 phantom mirrors
 T - a box of beasts
 U - a lamp of fire
   (You found it on level 14 of the Dungeon)
Comestibles
 c - 47 rations


   Skills:
 + Level 17.7 Fighting
 + Level 16.1 Armour
 - Level 11.8 Dodging
 - Level 5.0 Stealth
 + Level 15.4 Shields
 * Level 20.7 Unarmed Combat
 + Level 2.9 Spellcasting
   Level 0.6 Conjurations
   Level 2.1 Air Magic
 O Level 27 Invocations
 - Level 6.0 Evocations


You had 28 spell levels left.
You didn't know any spells.
Your spell library contained the following spells:

 Spells                   Type           Power        Failure   Level  Hunger
 Shock                    Conj/Air       #...         94%         1    ##.....
 Flame Tongue             Conj/Fire      #....        98%         1    ##.....
 Corona                   Hex            #......      99%         1    ##.....
 Infusion                 Chrm           #...         99%         1    ##.....
 Pain                     Necr           #...         99%         1    ##.....
 Summon Small Mammal      Summ           #...         99%         1    ##.....
 Poisonous Vapours        Pois/Air       #.....       99%         2    ###....
 Swiftness                Chrm/Air       #.......     99%         2    ###....
 Throw Frost              Conj/Ice       #.....       99%         2    ###....
 Call Imp                 Summ           #.......     100%        2    ###....
 Ensorcelled Hibernation  Hex/Ice        #.....       100%        2    ###....
 Shroud of Golubria       Chrm/Tloc      #.....       100%        2    ###....
 Song of Slaying          Chrm           #.......     100%        2    ###....
 Call Canine Familiar     Summ           #.......     100%        3    ####...
 Confuse                  Hex            #.......     100%        3    ####...
 Conjure Flame            Conj/Fire      #.......     100%        3    ####...
 Dazzling Spray           Conj/Hex       #.....       100%        3    ####...
 Mephitic Cloud           Conj/Pois/Air  #.......     100%        3    ####...
 Recall                   Summ/Tloc      N/A          100%        3    ####...
 Regeneration             Chrm/Necr      #.........   100%        3    ####...
 Spectral Weapon          Hex/Chrm       #.......     100%        3    ####...
 Static Discharge         Conj/Air       #.......     100%        3    ####...
 Summon Guardian Golem    Hex/Summ       #.......     100%        3    ####...
 Tukima's Dance           Hex            #.......     100%        3    ####...
 Vampiric Draining        Necr           #.........   100%        3    ####...
 Airstrike                Air            #.........   100%        4    #####..
 Cause Fear               Hex            #.........   100%        4    #####..
 Leda's Liquefaction      Hex/Erth       #.........   100%        4    #####..
 Summon Ice Beast         Ice/Summ       #.......     100%        4    #####..
 Summon Lightning Spire   Summ/Air       #.......     100%        4    #####..
 Aura of Abjuration       Summ           #.........   100%        5    ######.
 Bolt of Draining         Conj/Necr      #.........   100%        5    ######.
 Bolt of Magma            Conj/Fire/Erth #.........   100%        5    ######.
 Excruciating Wounds      Chrm/Necr      #.........   100%        5    ######.
 Irradiate                Conj/Tmut      #.........   100%        5    ######.
 Iskenderun's Battlesphe  Conj/Chrm      #.......     100%        5    ######.
 Lightning Bolt           Conj/Air       #.........   100%        5    ######.
 Silence                  Hex/Air        #.........   100%        5    ######.
 Summon Demon             Summ           #.........   100%        5    ######.
 Summon Forest            Summ/Tloc      #.........   100%        5    ######.
 Summon Mana Viper        Hex/Summ       #.......     100%        5    ######.
 Venom Bolt               Conj/Pois      #.........   100%        5    ######.
 Yara's Violent Unravell  Hex/Tmut       #.........   100%        5    ######.
 Conjure Ball Lightning   Conj/Air       #.........   100%        6    #######
 Death Channel            Necr           #.........   100%        6    #######
 Deflect Missiles         Chrm/Air       #.........   100%        6    #######
 Freezing Cloud           Conj/Ice/Air   #.........   100%        6    #######
 Iron Shot                Conj/Erth      #.........   100%        6    #######
 Shadow Creatures         Summ           N/A          100%        6    #######
 Statue Form              Tmut/Erth      #........    100%        6    #######
 Orb of Destruction       Conj           #.........   100%        7    #######
 Ring of Flames           Chrm/Fire      #.........   100%        7    #######
 Spellforged Servitor     Conj/Summ      #.........   100%        7    #######
 Discord                  Hex            #.........   100%        8    #######
 Ignition                 Fire           #.........   100%        8    #######
 Shatter                  Erth           #.........   100%        9    #######
 Tornado                  Air            #.........   100%        9    #######


Dungeon Overview and Level Annotations

Branches:
Dungeon (15/15)            Temple (0/1) D:6            Lair (6/6) D:8
 Shoals (4/4) Lair:4       Spider (4/4) Lair:4        Slime (5/5) Lair:5
    Orc (2/2) D:11            Elf (0/3) Orc:2        Vaults (5/5) D:13
  Crypt (0/3) Vaults:3     Depths (5/5) D:15            Zot (4/5) Depths:5
  Sewer (visited)           IceCv (visited)

Altars:
Cheibriados
Fedhas
Gozag
Kikubaaqudgha
Nemelex Xobeh
Okawaru
Qazlal
Ru
Uskayaw
Vehumet
Wu Jian
Beogh
Jiyva

Shops:
D:5 [   D:9 =   Orc:1 (   Orc:2 }!:(   Vaults:1 *   Vaults:4 :

Portals:
Hell: Depths:1 Depths:2 Depths:3 Depths:5
Abyss: Depths:1 Depths:2 Depths:4
Pandemonium: Depths:3
Trove: D:11 (give 16 scrolls of teleportation)

Annotations:
D:10 1 transporter
Shoals:4 Ilsuiw
Depths:4 exclusion: door


Innate Abilities, Weirdness & Mutations

You reflexively headbutt those who attack you in melee.
You have a pair of horns on your head.
You are agile. (Dex +2)
Armour fits poorly on your strangely shaped body.
You are resistant to electric shocks. (rElec)


Message History

You block the tentacled monstrosity's attack.
The tentacled monstrosity constricts you.
You hit the tentacled monstrosity.
Your headbutt misses the tentacled monstrosity.
The tentacled monstrosity is almost dead.
You punch the tentacled monstrosity!
You kill the tentacled monstrosity!
There is a stone staircase leading up, spattered with blood here.
You start resting.
You can no longer merge with and destroy a victim.
You can no longer pass through a line of other dancers.
Magic restored.
You start resting.
Eating one of 2 chunks of flesh.
You eat one of the 2 chunks of flesh.
This raw flesh tastes terrible.
All of the chunks of flesh in your inventory have rotted away.
HP restored.
Found a stone staircase leading down.
There is a stone staircase leading down here.
You climb downwards. 3 moths of wrath, 3 draconians, 3 tentacled monstrosities, 2 death cobs, a curse toe and 5 dragons come into view.
The moth of wrath's fur bristles in rage as it notices you.
The quicksilver dragon roars deafeningly!
The death cob gives a chilling moan.
The storm dragon roars deafeningly!
The moth of wrath's fur bristles in rage as it notices you.
The quicksilver dragon roars deafeningly!
The death cob gives a chilling moan.
The moth of wrath's fur bristles in rage as it notices you.
The curse toe gives a chilling moan.
The quicksilver dragon roars deafeningly!
The red draconian roars!
You hear a roar!
You hear a chilling moan.
There is a stone staircase leading up here.
The quicksilver dragon breathes dispelling energy at you.
The bolt of dispelling energy misses you.
The moth of wrath goads the quicksilver dragon on!
The quicksilver dragon goes berserk!
You block the tentacled monstrosity's attack.
The tentacled monstrosity completely misses you.
You block the tentacled monstrosity's attack.
The tentacled monstrosity grabs you.
You stop ascending the stairs.
The tentacled monstrosity constricts you!
The shadow dragon breathes negative energy at you.
The bolt of negative energy misses you.
The curse toe calls on the powers of darkness!
The moth of wrath convulses!
The quicksilver dragon convulses!
Your body is wracked with pain!
A red draconian comes into view. It is wielding a +0 short sword.
The red draconian roars!
You hear a roar!
The tentacled monstrosity's grasp on you weakens, but your attempt to escape fails.
The death cob hits you!!
* * * LOW HITPOINT WARNING * * *
The death cob drains your vigour!
You feel yourself slow down.
The quicksilver dragon breathes dispelling energy at you.
The bolt of dispelling energy hits you!!
Your magical effects are unravelling.
* * * LOW HITPOINT WARNING * * *
You block the death cob's attack.
The moth of wrath angrily waves its antennae.
You block the death cob's attack.
The yellow draconian knight hits you from afar with a +0 glaive.
* * * LOW HITPOINT WARNING * * *
The tentacled monstrosity tentacle-slaps you but does no damage.
You block the tentacled monstrosity's attack. x2
* * * LOW HITPOINT WARNING * * *
The tentacled monstrosity constricts you.
Unknown command.
Unknown command.
Okay, then.
Unknown command.
Okay, then.
You escape the tentacled monstrosity's grasp. 2 moths of wrath come into view.
You feel yourself speed up.
The moth of wrath's fur bristles in rage as it notices you. x2
The death cob hits you!
* * * LOW HITPOINT WARNING * * *
The death cob hits you but does no damage.
You block the quicksilver dragon's attack.
The quicksilver dragon closely misses you.
The death cob hits you but does no damage.
You block the death cob's attack. The quicksilver dragon misses you.
You block the quicksilver dragon's attack.
You block the death cob's attack.
The quicksilver dragon breathes dispelling energy at you.
The bolt of dispelling energy hits you!!
* * * LOW HITPOINT WARNING * * *
The quicksilver dragon bites you but does no damage.
The quicksilver dragon claws you but does no damage.
The death cob hits you!
* * * LOW HITPOINT WARNING * * *
The death cob drains your vigour!
You feel yourself slow down.
The death cob hits you but does no damage.
The tentacled monstrosity tentacle-slaps you but does no damage.
The tentacled monstrosity completely misses you.
The tentacled monstrosity tentacle-slaps you but does no damage.
You block the tentacled monstrosity's attack.
The yellow draconian knight hits you from afar with a +0 glaive!
You die...

.............+
.............#
.............###
................
................
......q#D.y.....
....#DyzDX#.....
....dD.<@.y.....
.......XzDd.....
..D#..###..#....
...... .d.....
...y. y......
..z.# .#.....
...° .y..... ...
....##.


You could see a shadow dragon, 2 tentacled monstrosities, a yellow draconian
knight, a storm dragon, a green draconian, 2 draconians, a curse toe, 2 death
cobs, 4 quicksilver dragons and 6 moths of wrath.

Vanquished Creatures
  the Royal Jelly (Slime:5)
  A juggernaut (Depths:3)
  2 Killer Klowns (Zot:1)
  Bai Suzhen (Vaults:4)
  4 caustic shrikes (Depths:5 Depths:4)
  Jory (Depths:5)
  The ghost of Inarius the Executioner, an adept MiFi of Okawaru (Spider:4)
  5 golden dragons (Zot:1)
  Jorgrun (D:11)
  4 liches (Vaults:3 Depths:2 Depths:3)
  10 tentacled monstrosities (Depths:4 Depths:5 Zot:1 Zot:2 Zot:3)
  A titan (Depths:2)
  25 acid blobs (Slime:3 Slime:4 Slime:5)
  4 death cobs (Zot:1 Zot:2)
  3 sphinxes (Vaults:2 Depths:2)
  A quicksilver dragon (Depths:2)
  A kraken (Shoals:3)
  Gastronok (D:10)
  4 shadow dragons (Depths:2 Depths:4 Depths:5)
  The ghost of Polaczum the Brawler, an adept TrMo of Nemelex Xobeh (Depths:4)
  4 storm dragons (Depths:2 Depths:5 Zot:1)
  4 tengu reavers (Vaults:4 Depths:2 Depths:3)
  2 draconian monks (Depths:5 Zot:1)
  11 azure jellies (Slime:1 Slime:4 Slime:5)
  7 fire giants (Vaults:4 Depths:2 Depths:4)
  A balrug (Depths:1)
  A deep elf sorcerer (Vaults:2)
  2 draconian scorchers (Zot:1)
  8 vault wardens (Vaults:1 Vaults:2 Vaults:3 Vaults:4)
  5 ghost moths (Spider:4 Zot:3)
  A draconian knight (Zot:1)
  An iron dragon (Depths:4)
  5 frost giants (Vaults:3 Vaults:4 Depths:3 Depths:5)
  9 emperor scorpions (Spider:3 Spider:4)
  2 draconian stormcallers (Zot:1)
  3 orc warlords (D:11 Orc:2)
  18 stone giants (Vaults:2 Vaults:3 Vaults:4 Depths:1 Depths:2)
  3 draconian annihilators (Depths:5 Zot:2)
  2 spriggan defenders (Depths:3 Depths:4)
  12 entropy weavers (Spider:1 Spider:2 Spider:3 Vaults:1 Vaults:3)
  12 ironheart preservers (Vaults:1 Vaults:2 Vaults:3 Vaults:4)
  23 very ugly things (Depths:1 Depths:3 Depths:4 Depths:5)
  7 vampire knights (Depths:1 Depths:2 Depths:3 Depths:4 Depths:5)
  An entropy weaver (shapeshifter) (Depths:5)
  2 deep elf demonologists (Vaults:2 Depths:1)
  2 black draconians (Zot:1 Zot:2)
  6 green draconians (Depths:5 Zot:1)
  2 white draconians (Zot:1 Zot:2)
  Snorg (D:11)
  3 red draconians (Depths:4 Zot:1)
  6 yellow draconians (Depths:5 Zot:1 Zot:2)
  4 purple draconians (Depths:5 Zot:1 Zot:2)
  7 ettins (Spider:2 Vaults:2 Vaults:4 Depths:2 Depths:3)
  An ettin (shapeshifter) (Depths:2)
  9 spark wasps (Spider:3 Depths:1 Depths:2 Depths:3)
  A blizzard demon (Depths:1)
  6 death oozes (Slime:3 Slime:4 Slime:5)
  A deep elf death mage (Vaults:2)
  A green death (Depths:3)
  8 merfolk impalers (Shoals:2 Shoals:3 Shoals:4)
  3 merfolk javelineers (Shoals:4)
  Harold (D:8)
  3 jiangshi (Vaults:3 Depths:2)
  14 yaktaur captains (Vaults:2 Vaults:3 Vaults:4 Depths:2 Depths:3)
  8 fire dragons (Vaults:4 Depths:1 Depths:2 Depths:4)
  6 rakshasas (Depths:1 Depths:2 Depths:3)
  3 deep elf high priests (Depths:2 Depths:5)
  17 ice dragons (D:15 Vaults:2 Vaults:3 Vaults:4 Depths:2)
  4 great orbs of eyes (Depths:2 Depths:3 Depths:4 Slime:5)
  2 vault guards (Vaults:2)
  4 spriggan air magi (Depths:3 Depths:4 Depths:5)
  7 hydras (Lair:2 Lair:4 Lair:5 Lair:1 D:11)
  An alligator snapping turtle (Shoals:4)
  21 centaur warriors (D:13 D:15 D:14 Vaults:1 Vaults:2)
  Erica (Orc:1)
  A merfolk avatar (Shoals:3)
  12 merfolk aquamancers (Shoals:2 Shoals:4 Shoals:3)
  24 two-headed ogres (D:8 D:11 D:14 Vaults:2 Vaults:3)
  14 deep troll shamans (Vaults:2 Depths:1 Depths:3 Depths:4 Depths:5)
  8 ogre magi (Vaults:2 Vaults:3 Vaults:4)
  4 satyrs (Shoals:2 Shoals:3 Shoals:4)
  4 tengu warriors (Depths:1 Depths:4 Depths:5)
  8 deep troll earth magi (Depths:2 Depths:3 Depths:5)
  Urug (Orc:1)
  4 death yaks (Lair:4 Lair:5)
  2 vampire magi (Vaults:3 Depths:2)
  4 spriggan berserkers (Depths:1 Depths:2 Depths:3 Depths:4)
  3 sun demons (Depths:1 Depths:3)
  5 deep elf knights (D:14 Vaults:2 Vaults:4)
  Nergalle (D:10)
  9 hell knights (Depths:5 Depths:4)
  2 soul eaters (Depths:3)
  A sixfirhy (Depths:3)
  3 skeletal warriors (D:13 Vaults:1 Vaults:3)
  A shadow wraith (Vaults:4)
  8 iron trolls (Depths:1 Depths:3 Depths:4)
  A fire crab (shapeshifter) (Vaults:1)
  31 deep trolls (Vaults:2 Vaults:4 Depths:3 Depths:4 Depths:5)
  8 sea snakes (Shoals:1 Shoals:2 Shoals:3 Shoals:4)
  3 unseen horrors (D:11 D:12 Vaults:1)
  A flayed ghost (Vaults:3)
  7 glowing orange brains (Vaults:2 Vaults:4 Depths:1 Depths:2 Depths:5)
  2 phantasmal warriors (Depths:5)
  A harpy (shapeshifter) (D:13)
  11 ironbrand convokers (Vaults:2 Vaults:3 Vaults:4)
  17 orc knights (Orc:1 Orc:2 Vaults:1 Vaults:3 Vaults:4)
  2 wolf spider zombies (D:13 D:15)
  2 deep elf archers (D:13 Vaults:2)
  A kraken simulacrum (Shoals:4)
  6 necromancers (Vaults:1 Depths:5 Depths:4)
  40 harpies (Shoals:1 Shoals:2 Shoals:3 Shoals:4 Vaults:1)
  4 wizards (Vaults:1 Vaults:2 Vaults:3)
  Pikel (D:3)
  A lindwurm (Lair:6)
  24 wolf spiders (Spider:1 Spider:2 Spider:3 Spider:4 Vaults:1)
  8 deep elf magi (D:13 D:15 D:14 Vaults:2 Vaults:4)
  18 fauns (Shoals:1 Shoals:2 Shoals:3)
  62 ugly things (D:12 D:13 D:14 Vaults:1 Vaults:2)
  A faun (shapeshifter) (Vaults:3)
  4 shining eyes (Slime:3 Slime:5)
  2 orc sorcerers (Orc:2 Vaults:3)
  14 orb spiders (Spider:3 Spider:4)
  14 cyclopes (D:12 D:14 Vaults:1 Orc:1 Shoals:1)
  A shining eye (shapeshifter) (Depths:1)
  10 manticores (D:14 Shoals:1 Shoals:2 Shoals:3 Shoals:4)
  17 moths of wrath (Spider:3 Spider:4 Zot:1 Zot:2)
  7 elephants (Lair:4)
  2 human skeletons (Vaults:1)
  A centaur zombie (D:14)
  4 black mambas (Lair:6 Lair:1)
  4 water nymphs (Shoals:3 Shoals:4)
  8 merfolk sirens (Lair:4 Shoals:1 Shoals:3 Shoals:4)
  Maurice (D:8)
  16 vault sentinels (Vaults:1 Vaults:2 Vaults:3 Vaults:4)
  2 eyes of devastation (Slime:4 Slime:5)
  A smoke demon (Depths:1)
  4 torpor snails (Lair:6 Spider:2 Spider:3)
  3 gargoyles (D:11 D:13)
  26 spiny frogs (Lair:2 Lair:5 Lair:4 Lair:6 Lair:1)
  2 rime drakes (Lair:3 Lair:1)
  2 kobold demonologists (D:15)
  An efreet (D:14)
  7 komodo dragons (D:8 Lair:4 Lair:2 Lair:6 Lair:1)
  17 demonic crawlers (D:14 Spider:1 Spider:2 Spider:3 Spider:4)
  41 yaktaurs (D:13 Vaults:1 Vaults:2 Vaults:3 Vaults:4)
  2 freezing wraiths (Vaults:1 Vaults:3)
  4 tengu conjurers (Depths:2 Depths:3 Depths:4)
  17 merfolk (Shoals:1 Shoals:2 Shoals:3 Shoals:4)
  4 ice devils (Depths:1)
  A meliai (shapeshifter) (Vaults:4)
  2 red devils (D:14)
  A wolf spider simulacrum (IceCv)
  36 jumping spiders (Spider:1 Spider:2 Spider:3 Spider:4 Vaults:1)
  4 tyrant leeches (Lair:6 Lair:5)
  5 trolls (D:14 Orc:1 Orc:2 Vaults:1)
  2 raiju (shapeshifter) (Vaults:4 Depths:4)
  10 hornets (Spider:1 Spider:2 Spider:3 Vaults:2 Vaults:3)
  5 polar bears (D:7 Lair:4 Lair:6)
  27 blink frogs (Lair:4 Lair:6)
  12 wind drakes (Shoals:1 Shoals:2 Shoals:4)
  A dream sheep (shapeshifter) (Vaults:4)
  A slime creature (shapeshifter) (Depths:4)
  7 dream sheep (Shoals:1 Shoals:2)
  9 hippogriffs (Lair:5 Lair:3 Lair:6 D:12 D:13)
  5 snapping turtles (Shoals:1 Shoals:4)
  74 slime creatures (Vaults:1 Vaults:3 Depths:1 Depths:2 Depths:4)
  5 spriggans (D:7 Depths:2 Depths:4)
  A spriggan (shapeshifter) (Vaults:4)
  99 redbacks (Spider:1 Lair:4 Spider:2 Spider:3 Spider:4)
  14 water elementals (Shoals:3 Depths:1 Depths:3)
  A wyvern (Lair:2)
  A wraith (D:14)
  27 tarantellas (Spider:1 Spider:2 Spider:3 Spider:4 Vaults:4)
  A basilisk (shapeshifter) (D:15)
  70 yaks (D:8 Lair:2 Lair:3 Lair:4 Lair:5)
  A human (shapeshifter) (Vaults:1)
  A hungry ghost (D:9)
  2 steam dragons (D:8 Lair:3)
  10 vampire mosquitoes (Lair:6 D:13)
  5 golden eyes (Slime:4 Slime:3)
  A yaktaur simulacrum (Vaults:2)
  15 wargs (D:11 Vaults:1 Orc:2 Vaults:3 Vaults:4)
  A soldier ant (D:12)
  An acid dragon (Vaults:1)
  14 water moccasins (D:9 Lair:2 Lair:3 Lair:4 Lair:5)
  A floating eye (Depths:2)
  7 porcupines (Lair:2 Lair:3 Lair:4 Lair:5 Lair:1)
  An ettin simulacrum (Vaults:2)
  10 ice beasts (D:7 D:8 D:10 D:11)
  31 ogres (D:2 D:11 D:14 Orc:1 Orc:2)
  55 orc warriors (D:6 D:7 D:11 D:15 D:13)
  A sky beast (D:5)
  A black bear (shapeshifter) (Vaults:3)
  2 black bears (D:9 D:11)
  3 eyes of draining (Slime:3 Slime:4 Slime:5)
  An eye of draining (shapeshifter) (Vaults:2)
  A necrophage (D:5)
  4 slaves (D:3)
  9 wolves (D:8 Lair:4 Lair:1)
  19 boggarts (D:14 Vaults:2 Vaults:3 Depths:1 Depths:3)
  An ogre (shapeshifter) (Depths:5)
  3 phantoms (D:7 D:8 D:9)
  16 centaurs (D:5 D:10 D:12 D:13 D:14)
  17 crocodiles (D:8 Lair:2 Lair:3 Lair:5 Lair:4)
  5 big kobolds (Sewer D:10 D:15)
  26 bullfrogs (D:6 D:8 D:9 Lair:3 Lair:4)
  A gnoll sergeant (D:11)
  3 elf simulacra (Vaults:1 Vaults:2 Vaults:3)
  A wyvern skeleton (D:13)
  3 human simulacra (Vaults:1 Vaults:2)
  4 scorpions (D:7 D:10 D:11 D:13)
  8 killer bees (D:8 D:11)
  8 wights (D:7 D:11)
  4 electric eels (D:8 Lair:6 Spider:4)
  2 howler monkeys (D:6 D:9)
  19 crimson imps (D:5 D:7 D:8 D:10 D:12)
  3 quasits (D:6 D:13 D:14)
  2 bullfrog zombies (D:4 D:12)
  22 orc priests (D:3 D:6 D:7 D:8 D:10)
  6 centaur skeletons (D:4 D:5 D:6 D:13)
  8 hounds (D:3 D:8 D:9 D:10 D:12)
  26 orc wizards (D:3 D:6 D:7 D:8 D:9)
  5 iron imps (D:14 Depths:2)
  4 bullfrog skeletons (D:5 D:8 D:12 D:13)
  3 iguanas (D:3 D:6 D:10)
  9 worker ants (D:5 D:6 D:8 D:10 D:11)
  A killer bee zombie (D:9)
  A hound zombie (D:11)
  A hound skeleton (D:11)
  Robin (D:3)
  A worker ant zombie (D:6)
  10 gnolls (D:7 D:10 D:11)
  12 adders (D:2 D:3 D:5 D:9 D:11)
  7 river rats (D:3 Sewer D:14)
  2 hound simulacra (D:8)
  9 shadow imps (D:6 D:7 D:9 D:11 D:12)
  9 white imps (D:8 Depths:1)
  2 worker ant simulacra (D:8)
  6 ufetubi (D:8 D:14)
  An adder skeleton (D:8)
  An adder zombie (D:4)
  A worm (D:3)
  4 dart slugs (D:1 D:2)
  2 adder simulacra (D:8)
  10 leopard geckos (D:2 D:6 D:8 D:9 D:11)
  132 orcs (D:2 D:3 D:4 D:5 D:6)
  A ball python (D:3)
  11 bats (D:1 D:2 D:3)
  10 giant cockroaches (D:1 D:2 D:3 D:4 D:14)
  10 hobgoblins (D:1 D:2 D:3)
  7 jackals (D:2 D:3 Sewer)
  30 kobolds (D:1 D:2 D:3 Sewer D:10)
  6 quokkas (D:4 D:6 D:10 D:11 D:12)
  3 frilled lizards (D:1 D:3 D:4)
  20 goblins (D:1 D:2 D:3 D:4)
  A jackal skeleton (D:4)
  2 jackal zombies (D:4)
  A leopard gecko skeleton (D:4)
  A leopard gecko zombie (D:7)
  A quokka skeleton (D:4)
  A quokka zombie (D:4)
  14 rats (D:1 D:2 D:3 Sewer)
  4 tentacles (Shoals:3 Shoals:4)
2143 creatures vanquished.

Vanquished Creatures (collateral kills)
  A vampire knight (Depths:1)
  A jelly (D:4)
  A worker ant zombie (D:4)
3 creatures vanquished.

Vanquished Creatures (others)
  A fire giant (Depths:1)
  A merfolk aquamancer (Shoals:4)
  A vampire mage (Depths:2)
  A sun demon (Depths:1)
  A shadow wraith (Vaults:4)
  An unseen horror (Vaults:1)
  An ugly thing (Vaults:2)
  2 merfolk sirens (Shoals:4)
  A yaktaur (Vaults:1)
  An orc (D:8)
  A quokka (D:8)
  A bush (Lair:6)
  13 fungi (Lair:2 Lair:5 Lair:6)
  72 plants (Lair:3 Lair:5 Lair:6 D:14 Vaults:1)
  11 tentacles (Shoals:3 Shoals:4)
109 creatures vanquished.

Grand Total: 2255 creatures vanquished

Notes
Turn   | Place    | Note
-------+----------+-------------------------------------------
     0 | D:1      | Monsterracer the Minotaur Air Elementalist began the quest
                  | for the Orb.
     0 | D:1      | Reached XP level 1. HP: 14/14 MP: 1/1
   144 | D:1      | Reached skill level 1 in Unarmed Combat
   393 | D:1      | Reached XP level 2. HP: 20/20 MP: 3/3
  1084 | D:1      | Reached XP level 3. HP: 26/26 MP: 4/4
  1812 | D:2      | Reached XP level 4. HP: 27/33 MP: 5/5
  2375 | D:2      | Found a hide-covered altar of Uskayaw.
  2422 | D:2      | Found a sacrificial altar of Ru.
  2456 | D:2      | Became a worshipper of Uskayaw the Reveler
  2475 | D:2      | Reached * piety under Uskayaw
  2870 | D:3      | Reached skill level 1 in Fighting
  2960 | D:3      | HP: 16/35 [orc wizard/puff of flame (8)]
  2969 | D:3      | HP: 14/35 [orc/boomerang (2)]
  3021 | D:3      | HP: 15/35 [orc/boomerang (5)]
  3301 | D:3      | Noticed an ogre
  3397 | D:3      | Reached ** piety under Uskayaw
  3425 | D:3      | Reached XP level 5. HP: 36/40 MP: 6/6
  3435 | D:3      | Found a glowing drain.
  3439 | D:3      | Reached skill level 5 in Unarmed Combat
  3449 | Sewer    | Entered a sewer
  3726 | Sewer    | Found a white marble altar of Elyvilon.
  3919 | D:4      | Noticed a slave
  3919 | D:4      | Noticed a slave
  3919 | D:4      | Noticed a slave
  3920 | D:4      | Noticed a slave
  3945 | D:2      | Killed an ogre
  3945 | D:2      | Reached skill level 1 in Invocations
  3945 | D:2      | Reached XP level 6. HP: 32/51 MP: 0/7
  4281 | D:3      | HP: 25/51 [orc/+0 dagger (3)]
  4522 | D:4      | Noticed Pikel
  4528 | D:3      | HP: 25/51 [orc (1)]
  4534 | D:3      | Reached skill level 1 in Armour
  4715 | D:4      | Noticed Robin
  4779 | D:3      | Killed a slave
  4793 | D:3      | Killed a slave
  4885 | D:3      | Killed a slave
  4960 | D:4      | HP: 24/51 [hound (3)]
  5235 | D:3      | Reached XP level 7. HP: 47/57 MP: 8/8
  5674 | D:3      | Killed Robin
  5695 | D:4      | HP: 25/58 [disintegration (33)]
  6068 | D:3      | Reached skill level 2 in Invocations
  6195 | D:3      | Reached *** piety under Uskayaw
  6198 | D:3      | Reached **** piety under Uskayaw
  6305 | D:4      | HP: 19/59 [disintegration (25)]
  6310 | D:4      | HP: 23/59 [Pikel/+0 whip of electrocution (4)]
  6316 | D:4      | HP: 18/59 [worker ant zombie (2)]
  7112 | D:4      | HP: 3/59 [disintegration (32)]
  7674 | D:3      | Killed Pikel
  7674 | D:3      | Reached skill level 3 in Invocations
  7674 | D:3      | Reached XP level 8. HP: 36/67 MP: 4/9
  7856 | D:5      | Entered Level 5 of the Dungeon
  7890 | D:5      | Reached skill level 5 in Fighting
  8468 | D:5      | Found Megurew's Antique Armour Shoppe.
  8477 | D:5      | Bought a pair of glowing boots for 225 gold pieces
  8785 | D:6      | Reached skill level 4 in Invocations
  9131 | D:6      | Found a staircase to the Ecumenical Temple.
  9145 | D:6      | Reached XP level 9. HP: 72/75 MP: 11/11
  9257 | D:6      | Reached skill level 5 in Armour
  9915 | D:7      | Reached ***** piety under Uskayaw
  9918 | D:7      | Reached skill level 5 in Invocations
 10247 | D:8      | Noticed Harold
 10538 | D:8      | Found an ancient bone altar of Kikubaaqudgha.
 10538 | D:8      | Found an iron altar of Okawaru.
 10559 | D:8      | Reached skill level 10 in Unarmed Combat
 10660 | D:7      | HP: 36/79 [orc warrior/+3 dire flail (12)]
 10667 | D:7      | HP: 31/79 [orc warrior/+3 dire flail (1)]
 10668 | D:7      | HP: 12/79 [orc warrior/+3 dire flail (19)]
 11246 | D:8      | HP: 34/79 [electric eel/bolt of electricity (14)]
 11247 | D:8      | HP: 12/79 [electric eel/bolt of electricity (12)]
 11562 | D:8      | Reached XP level 10. HP: 78/86 MP: 13/13
 11624 | D:8      | Killed Harold
 11624 | D:8      | Reached skill level 1 in Evocations
 11766 | D:8      | Noticed Maurice
 11780 | D:8      | Killed Maurice
 11780 | D:8      | Reached skill level 6 in Invocations
 12511 | D:8      | HP: 41/88 [crocodile (7)]
 12731 | D:8      | Found a staircase to the Lair.
 13336 | D:9      | Noticed a two-headed ogre
 13369 | D:8      | HP: 37/90 [two-headed ogre/cursed -2 giant club (14)]
 13685 | D:8      | Killed a two-headed ogre
 13857 | D:9      | Found an ornate altar of the Wu Jian Council.
 13857 | D:9      | Found an opulent altar of Gozag.
 13939 | D:9      | Reached XP level 11. HP: 95/95 MP: 15/15
 14096 | D:9      | Found Xutsuara's Jewellery Shop.
 14443 | D:10     | Entered Level 10 of the Dungeon
 14605 | D:10     | Noticed Nergalle
 14695 | D:10     | Noticed Gastronok
 14811 | Lair:1   | Entered Level 1 of the Lair of Beasts
 14817 | Lair:1   | Noticed a four-headed hydra
 14822 | Lair:1   | Noticed an eight-headed hydra
 14838 | Lair:2   | Killed a four-headed hydra
 14840 | Lair:2   | Reached skill level 7 in Invocations
 14848 | Lair:2   | Reached ****** piety under Uskayaw
 14849 | Lair:2   | Reached skill level 5 in Dodging
 14864 | Lair:2   | HP: 41/97 [crocodile (13)]
 14867 | Lair:2   | Noticed a seven-headed hydra
 14880 | Lair:2   | HP: 33/97 [komodo dragon (12)]
 14901 | Lair:2   | HP: 33/97 [komodo dragon (5)]
 14960 | Lair:2   | HP: 34/97 [spiny frog (15)]
 14966 | Lair:2   | HP: 27/97 [poisoned by a spiny frog]
 14966 | Lair:2   | HP: 12/97 [spiny frog (15)]
 15725 | Lair:3   | You fall into a shaft and drop 2 floors!
 15741 | Lair:5   | HP: 41/97 [spiny frog (11)]
 15978 | Lair:5   | Noticed a death yak
 16214 | Lair:4   | Reached XP level 12. HP: 87/106 MP: 16/16
 16238 | Lair:4   | Reached skill level 8 in Invocations
 16261 | Lair:4   | Reached skill level 10 in Fighting
 16263 | Lair:4   | HP: 52/106 [crocodile (5)]
 16277 | Lair:4   | HP: 40/106 [elephant (2)]
 16283 | Lair:4   | Reached skill level 5 in Evocations
 16821 | Lair:4   | Found a hole to the Spider Nest.
 17063 | Lair:4   | Found a staircase to the Shoals.
 17560 | Lair:2   | Killed a seven-headed hydra
 18403 | Lair:5   | Noticed a death yak
 18407 | Lair:5   | Noticed a death yak
 18414 | Lair:4   | Killed a death yak
 18570 | Lair:5   | Noticed a death yak
 18586 | Lair:5   | Killed a death yak
 18630 | Lair:5   | Reached skill level 10 in Armour
 18800 | Lair:5   | Noticed an eight-headed hydra
 18832 | Lair:4   | Killed an eight-headed hydra
 19000 | Lair:5   | Killed a death yak
 19008 | Lair:5   | Killed a death yak
 19444 | Lair:5   | Found a staircase to the Slime Pits.
 20010 | Lair:6   | Entered Level 6 of the Lair of Beasts
 20031 | Lair:5   | Reached XP level 13. HP: 95/114 MP: 18/18
 20225 | Lair:6   | Reached skill level 9 in Invocations
 20439 | Lair:5   | HP: 56/115 [spiny frog (7)]
 20918 | Lair:6   | HP: 58/116 [spiny frog (11)]
 20923 | Lair:6   | HP: 41/116 [poisoned by a spiny frog]
 20928 | Lair:6   | HP: 30/116 [poisoned by a spiny frog]
 20933 | Lair:6   | HP: 24/116 [poisoned by a spiny frog]
 20938 | Lair:6   | HP: 19/116 [poisoned by a spiny frog]
 20943 | Lair:6   | HP: 16/116 [poisoned by a spiny frog]
 20948 | Lair:6   | HP: 15/116 [poisoned by a spiny frog]
 20953 | Lair:6   | HP: 14/116 [poisoned by a spiny frog]
 20960 | Lair:6   | HP: 14/116 [poisoned by a spiny frog]
 20968 | Lair:6   | HP: 15/116 [poisoned by a spiny frog]
 21761 | Lair:6   | HP: 56/116 [poisoned by a black mamba]
 21766 | Lair:6   | HP: 48/116 [poisoned by a black mamba]
 21771 | Lair:6   | HP: 42/116 [poisoned by a black mamba]
 21776 | Lair:6   | HP: 39/116 [poisoned by a black mamba]
 21781 | Lair:6   | HP: 36/116 [poisoned by a black mamba]
 21787 | Lair:6   | HP: 35/116 [poisoned by a black mamba]
 21793 | Lair:6   | HP: 35/116 [poisoned by a black mamba]
 21801 | Lair:6   | HP: 35/116 [poisoned by a black mamba]
 21905 | Lair:6   | HP: 51/116 [blink frog (13)]
 21919 | Lair:6   | HP: 46/116 [blink frog (9)]
 22813 | Lair:6   | Reached skill level 15 in Unarmed Combat
 23323 | Lair:6   | HP: 50/116 [tyrant leech (20)]
 24561 | Lair:1   | Reached XP level 14. HP: 125/125 MP: 20/20
 25573 | D:10     | Reached skill level 10 in Invocations
 25707 | D:10     | Identified a scroll of acquirement
 25714 | D:10     | Got a pair of crude gloves
 25725 | D:10     | Identified the +0 pair of gloves of Beogh's Supremacy {rF+}
                  | (You acquired it on level 10 of the Dungeon)
 25998 | D:10     | Killed Nergalle
 26103 | D:10     | Found a sparkling altar of Nemelex Xobeh.
 26103 | D:10     | Found a transporter.
 26103 | D:10     | Noticed a fire giant
 26177 | D:10     | Killed Gastronok
 26564 | D:11     | HP: 57/126 [six-headed hydra (9)]
 26838 | D:11     | Found a staircase to the Orcish Mines.
 26942 | D:11     | Noticed Snorg
 26950 | D:11     | Killed Snorg
 27385 | D:11     | Found a portal to a secret trove of treasure.
 27570 | D:12     | Found a stormy altar of Qazlal.
 27694 | D:12     | Reached skill level 1 in Shields
 27724 | D:12     | HP: 52/126 [white ugly thing (15)]
 27848 | D:12     | Found a frozen archway.
 27878 | IceCv    | Entered an ice cave
 27884 | IceCv    | HP: 55/126 [alligator simulacrum (14)]
 27888 | IceCv    | HP: 22/127 [alligator simulacrum (9)]
 27888 | IceCv    | HP: 10/127 [polar bear simulacrum (3)]
 28533 | Orc:1    | Entered Level 1 of the Orcish Mines
 28535 | Orc:1    | Noticed Urug
 28539 | Orc:1    | Noticed an orc warlord
 28542 | Orc:1    | Noticed Jorgrun
 28600 | Orc:1    | Noticed Erica
 28602 | D:11     | HP: 61/127 [orc warrior/+2 dire flail of venom[an orc
                  | warlord] (12)]
 28607 | D:11     | HP: 54/127 [poisoned by an orc warrior]
 28612 | D:11     | HP: 48/127 [poisoned by an orc warrior]
 28617 | D:11     | HP: 46/127 [poisoned by an orc warrior]
 28622 | D:11     | HP: 44/127 [poisoned by an orc warrior]
 28627 | D:11     | HP: 45/127 [poisoned by an orc warrior]
 28634 | D:11     | HP: 47/127 [poisoned by an orc warrior]
 28641 | D:11     | HP: 50/127 [poisoned by an orc warrior]
 28649 | D:11     | HP: 53/127 [poisoned by an orc warrior]
 28878 | D:13     | Got an ancient ring mail
 28895 | D:13     | Identified the +7 ring mail "Iminusor" {Stlth+} (You found
                  | it on level 13 of the Dungeon)
 29436 | D:13     | Found a gate to the Vaults.
 29541 | D:13     | Reached skill level 10 in Dodging
 30015 | D:14     | Got a twisted falchion
 30111 | D:14     | You fall into a shaft and drop 1 floor!
 30111 | D:15     | Entered Level 15 of the Dungeon
 30308 | D:14     | Reached skill level 5 in Shields
 30311 | D:14     | Reached XP level 15. HP: 116/134 MP: 20/22
 30772 | D:15     | Found a radiant altar of Vehumet.
 30909 | D:15     | HP: 27/134 [ice dragon/blast of cold (53)]
 30954 | D:14     | HP: 58/134 [red devil/+0 trident (3)]
 31233 | D:14     | Got a pair of transparent boots
 31280 | D:14     | Identified the cursed -1 pair of boots of Riximoef {rElec
                  | rF+ MR++ Slay-4} (You found it on level 14 of the Dungeon)
 31785 | D:15     | Found a staircase to the Depths.
 31842 | D:15     | Reached skill level 11 in Invocations
 31999 | D:15     | HP: 43/134 [deep elf mage/bolt of negative energy (29)]
 32602 | D:14     | Found a blossoming altar of Fedhas.
 32609 | D:14     | HP: 64/134 [centaur warrior/arrow (13)]
 32612 | D:13     | HP: 26/134 [seven-headed hydra (13)]
 32967 | D:13     | HP: 61/134 [seven-headed hydra (11)]
 33212 | D:14     | Found a sparkling altar of Nemelex Xobeh.
 33745 | Spider:1 | Entered Level 1 of the Spider Nest
 33946 | D:5      | Bought a pair of glowing gloves for 225 gold pieces
 33973 | D:5      | Bought a fine leather armour for 210 gold pieces
 33984 | D:5      | Identified the cursed +1 leather armour of Springtime {rF-
                  | MR+ Dex+4 SInv} (You bought it in a shop on level 5 of the
                  | Dungeon)
 33985 | D:5      | Bought a glowing scarf for 240 gold pieces
 34027 | D:5      | Bought a glowing leather armour for 150 gold pieces
 34027 | D:5      | Bought a glowing leather armour for 150 gold pieces
 34392 | Spider:1 | HP: 64/135 [demonic crawler (10)]
 34397 | Spider:1 | HP: 51/135 [poisoned by a redback]
 34402 | Spider:1 | HP: 44/135 [poisoned by a redback]
 34407 | Spider:1 | HP: 39/135 [poisoned by a redback]
 34412 | Spider:1 | HP: 35/135 [poisoned by a redback]
 34418 | Spider:1 | HP: 33/135 [poisoned by a redback]
 34423 | Spider:1 | HP: 31/135 [poisoned by a redback]
 34430 | Spider:1 | HP: 31/135 [poisoned by a redback]
 34438 | Spider:1 | HP: 32/135 [poisoned by a redback]
 34476 | Spider:1 | HP: 41/135 [redback (2)]
 34482 | Spider:1 | HP: 41/135 [redback (2)]
 34487 | Spider:1 | HP: 16/135 [tarantella (12)]
 35063 | Spider:1 | HP: 67/135 [entropy weaver (8)]
 35068 | Spider:1 | HP: 51/135 [redback (6)]
 35077 | Spider:1 | HP: 48/135 [redback (6)]
 36235 | Spider:2 | HP: 66/135 [wolf spider (15)]
 37119 | Spider:2 | HP: 65/136 [redback (4)]
 37124 | Spider:2 | HP: 62/136 [poisoned by a redback]
 37130 | Spider:2 | HP: 59/136 [poisoned by a redback]
 37135 | Spider:2 | HP: 59/136 [poisoned by a redback]
 37141 | Spider:2 | HP: 51/136 [poisoned by a redback]
 37148 | Spider:2 | HP: 51/136 [poisoned by a redback]
 37157 | Spider:2 | HP: 52/136 [poisoned by a redback]
 38547 | D:9      | Bought the ring of Keppuad {rF+ rCorr} for 476 gold pieces
 38828 | Spider:3 | HP: 64/136 [tarantella (16)]
 39275 | Spider:3 | Reached XP level 16. HP: 127/144 MP: 23/23
 39510 | Spider:3 | HP: 72/144 [entropy weaver/+1 falchion of freezing (1)]
 39515 | Spider:3 | Reached skill level 12 in Invocations
 39515 | Spider:3 | HP: 50/144 [poisoned by a redback]
 39520 | Spider:3 | HP: 40/144 [poisoned by a redback]
 39525 | Spider:3 | HP: 35/144 [poisoned by a redback]
 39530 | Spider:3 | HP: 31/144 [poisoned by a redback]
 39536 | Spider:3 | HP: 29/144 [poisoned by a redback]
 39542 | Spider:3 | HP: 28/144 [poisoned by a redback]
 39547 | Spider:3 | HP: 28/144 [poisoned by a redback]
 39555 | Spider:3 | HP: 28/144 [poisoned by a redback]
 40140 | Spider:3 | HP: 68/144 [redback (13)]
 40146 | Spider:3 | HP: 63/144 [poisoned by a redback]
 40152 | Spider:3 | HP: 62/144 [poisoned by a redback]
 40160 | Spider:3 | HP: 62/144 [poisoned by a redback]
 40168 | Spider:3 | HP: 62/144 [poisoned by a redback]
 40253 | Spider:3 | HP: 68/144 [entropy weaver (10)]
 40257 | Spider:3 | HP: 32/144 [entropy weaver (7)]
 40263 | Spider:3 | HP: 29/144 [entropy weaver (5)]
 40263 | Spider:3 | HP: 12/144 [entropy weaver (6)]
 40355 | Spider:3 | HP: 52/144 [jumping spider (10)]
 40361 | Spider:3 | HP: 50/144 [redback (4)]
 40681 | Spider:3 | HP: 68/144 [emperor scorpion (8)]
 41789 | Spider:3 | HP: 65/144 [spark wasp (17)]
 42938 | Spider:4 | Entered Level 4 of the Spider Nest
 43243 | Spider:4 | HP: 72/145 [poisoned by a redback]
 43248 | Spider:3 | HP: 61/145 [poisoned by a redback]
 43253 | Spider:3 | HP: 55/145 [poisoned by a redback]
 43258 | Spider:3 | HP: 51/145 [poisoned by a redback]
 43263 | Spider:3 | HP: 49/145 [poisoned by a redback]
 43268 | Spider:3 | HP: 47/145 [poisoned by a redback]
 43273 | Spider:3 | HP: 47/145 [poisoned by a redback]
 43280 | Spider:3 | HP: 47/145 [poisoned by a redback]
 43288 | Spider:3 | HP: 48/145 [poisoned by a redback]
 43552 | Spider:4 | Found a runed translucent door.
 43734 | Spider:4 | HP: 68/145 [wolf spider (7)]
 43741 | Spider:3 | HP: 67/145 [redback (2)]
 44054 | Spider:4 | Noticed Inarius's ghost (adept MiFi)
 44131 | Spider:3 | Reached skill level 10 in Shields
 44414 | Spider:4 | HP: 69/145 [emperor scorpion (5)]
 44578 | Spider:4 | HP: 71/145 [poisoned by a redback]
 44583 | Spider:4 | HP: 65/145 [poisoned by a redback]
 44588 | Spider:4 | HP: 61/145 [poisoned by a redback]
 44593 | Spider:4 | HP: 59/145 [poisoned by a redback]
 44599 | Spider:4 | HP: 58/145 [poisoned by a redback]
 44605 | Spider:4 | HP: 58/145 [poisoned by a redback]
 44613 | Spider:4 | HP: 59/145 [poisoned by a redback]
 45927 | Spider:4 | HP: 69/145 [poisoned by an emperor scorpion]
 45932 | Spider:4 | HP: 52/145 [poisoned by an emperor scorpion]
 45937 | Spider:4 | HP: 41/145 [poisoned by an emperor scorpion]
 45942 | Spider:3 | HP: 32/145 [poisoned by an emperor scorpion]
 45947 | Spider:3 | HP: 27/145 [poisoned by an emperor scorpion]
 45953 | Spider:3 | HP: 24/145 [poisoned by an emperor scorpion]
 45959 | Spider:3 | HP: 22/145 [poisoned by an emperor scorpion]
 45964 | Spider:3 | HP: 22/145 [poisoned by an emperor scorpion]
 45971 | Spider:3 | HP: 22/145 [poisoned by an emperor scorpion]
 45979 | Spider:3 | HP: 23/145 [poisoned by an emperor scorpion]
 46782 | Spider:4 | HP: 72/145 [poisoned by an emperor scorpion]
 46787 | Spider:4 | HP: 65/145 [poisoned by an emperor scorpion]
 46792 | Spider:4 | HP: 60/145 [poisoned by an emperor scorpion]
 46797 | Spider:4 | HP: 56/145 [poisoned by an emperor scorpion]
 46803 | Spider:4 | HP: 54/145 [poisoned by an emperor scorpion]
 46810 | Spider:4 | HP: 54/145 [poisoned by an emperor scorpion]
 46817 | Spider:4 | HP: 54/145 [poisoned by an emperor scorpion]
 46825 | Spider:4 | HP: 55/145 [poisoned by an emperor scorpion]
 47077 | Spider:4 | HP: 63/145 [emperor scorpion (11)]
 47416 | Spider:4 | Reached XP level 17. HP: 129/151 MP: 0/25
 47476 | Spider:3 | HP: 75/151 [poisoned by a redback]
 48027 | Spider:4 | Got a gossamer rune of Zot
 48217 | Spider:4 | Killed Inarius's ghost
 48217 | Spider:4 | Reached skill level 13 in Invocations
 48223 | Spider:4 | HP: 68/152 [emperor scorpion (16)]
 48228 | Spider:4 | HP: 49/152 [emperor scorpion (6)]
 48244 | Spider:4 | Got a translucent arbalest
 48540 | D:9      | Bought a +4 ring of evasion for 504 gold pieces
 48621 | Vaults:1 | Entered Level 1 of the Vaults
 49033 | D:11     | Killed Jorgrun
 49284 | Orc:1    | Killed Erica
 49444 | D:11     | HP: 72/152 [orc warlord/+1 dire flail of protection (16)]
 49450 | D:11     | HP: 55/152 [orc warlord/+1 dire flail of protection (1)]
 49859 | Orc:1    | Killed Urug
 50082 | Orc:1    | Found Dobobb's Antique Weapon Shoppe.
 50402 | Orc:2    | Entered Level 2 of the Orcish Mines
 50426 | Orc:2    | HP: 71/152 [orc warrior/+0 long sword (19)]
 50431 | Orc:2    | HP: 62/152 [orc knight/+0 great mace (11)]
 51175 | Orc:2    | HP: 76/152 [orc warrior/+0 battleaxe[an orc warlord] (2)]
 51184 | Orc:2    | HP: 58/152 [orc knight/+0 battleaxe (19)]
 51935 | Orc:2    | Found a roughly hewn altar of Beogh.
 51945 | Orc:2    | Found Lufarr's Book Shop.
 51945 | Orc:2    | Found Ejidots's Weapon Shoppe.
 51996 | Orc:2    | Found a staircase to the Elven Halls.
 52232 | Orc:2    | Found Qosmef's Gadget Shop.
 52232 | Orc:2    | Found Mizan's Distillery.
 52450 | Orc:2    | Bought a potion of resistance for 150 gold pieces
 52450 | Orc:2    | Bought a potion of heal wounds for 75 gold pieces
 52450 | Orc:2    | Bought a potion of might for 60 gold pieces
 52450 | Orc:2    | Bought a potion of berserk rage for 75 gold pieces
 52450 | Orc:2    | Bought a potion of might for 60 gold pieces
 52450 | Orc:2    | Bought a potion of ambrosia for 120 gold pieces
 52450 | Orc:2    | Bought a potion of curing for 45 gold pieces
 52450 | Orc:2    | Bought a potion of resistance for 150 gold pieces
 52450 | Orc:2    | Bought a potion of agility for 60 gold pieces
 52450 | Orc:2    | Bought a potion of heal wounds for 75 gold pieces
 52706 | Shoals:1 | Entered Level 1 of the Shoals
 53116 | Shoals:1 | HP: 76/152 [harpy (4)]
 54578 | Shoals:2 | HP: 77/154 [poisoned by a merfolk aquamancer]
 54583 | Shoals:2 | HP: 76/154 [poisoned by a merfolk aquamancer]
 54588 | Shoals:2 | HP: 66/154 [merfolk aquamancer/ball of steam (8)]
 54594 | Shoals:2 | HP: 66/154 [poisoned by a merfolk aquamancer]
 54599 | Shoals:2 | HP: 53/154 [merfolk/boomerang (1)]
 54608 | Shoals:2 | HP: 54/154 [poisoned by a merfolk aquamancer]
 54687 | Shoals:2 | HP: 77/154 [merfolk aquamancer/+1 rapier of draining (1)]
 54710 | Shoals:2 | HP: 49/154 [merfolk aquamancer/ball of steam (10)]
 54715 | Shoals:2 | HP: 47/154 [merfolk aquamancer/+0 rapier (3)]
 56245 | Shoals:2 | Reached skill level 5 in Stealth
 56727 | Shoals:3 | Noticed a kraken
 56747 | Shoals:3 | Killed a kraken
 56747 | Shoals:3 | Reached XP level 18. HP: 122/161 MP: 23/27
 56930 | Shoals:3 | HP: 80/161 [water nymph/the raging water (33)]
 57909 | Shoals:3 | Reached skill level 14 in Invocations
 58322 | Shoals:3 | HP: 80/161 [tentacle[a kraken] (8)]
 58327 | Shoals:3 | HP: 33/161 [kraken (27)]
 58328 | Shoals:3 | HP: 6/161 [tentacle[a kraken] (17)]
 58961 | Shoals:4 | Entered Level 4 of the Shoals
 58991 | Shoals:4 | Noticed Ilsuiw
 60118 | Shoals:4 | HP: 70/161 [merfolk javelineer/javelin (13)]
 60383 | Shoals:4 | HP: 63/161 [water nymph/the raging water (19)]
 61375 | Shoals:4 | HP: 78/162 [merfolk javelineer/javelin (18)]
 62719 | Shoals:4 | HP: 69/162 [merfolk javelineer/silver javelin (14)]
 62725 | Shoals:4 | HP: 38/162 [merfolk javelineer/javelin (22)]
 62735 | Shoals:4 | HP: 32/162 [merfolk javelineer/silver javelin (10)]
 63148 | Shoals:4 | Got a barnacled rune of Zot
 63474 | Vaults:1 | Reached skill level 15 in Fighting
 64627 | Vaults:1 | Found Mileez's Assorted Antiques.
 64635 | Vaults:1 | Bought a scroll of teleportation for 123 gold pieces
 64635 | Vaults:1 | Bought an embroidered hat for 287 gold pieces
 64635 | Vaults:1 | Bought a scroll of fog for 82 gold pieces
 64724 | Vaults:1 | Reached skill level 15 in Armour
 65223 | Vaults:1 | Reached XP level 19. HP: 164/170 MP: 29/29
 65292 | Vaults:2 | Reached skill level 15 in Invocations
 66973 | Vaults:2 | Got a warped hand axe
 67198 | Vaults:2 | Reached skill level 15 in Shields
 68227 | Vaults:3 | Noticed a lich
 68241 | Vaults:3 | Killed a lich
 68241 | Vaults:3 | Reached skill level 16 in Invocations
 68559 | Vaults:3 | Reached XP level 20. HP: 138/180 MP: 27/31
 69338 | Vaults:3 | Found a staircase to the Crypt.
 70057 | Vaults:4 | HP: 89/182 [yaktaur/bolt (7)]
 70105 | Vaults:4 | HP: 78/182 [yaktaur/bolt (19)]
 70107 | Vaults:4 | Reached skill level 17 in Invocations
 70452 | Vaults:4 | HP: 74/182 [vault warden/+0 war axe (27)]
 70458 | Vaults:4 | HP: 46/182 [yaktaur/bolt[a vault warden] (19)]
 71378 | Vaults:4 | HP: 87/183 [deep troll[an ironheart preserver] (10)]
 71849 | Vaults:4 | HP: 61/184 [yaktaur captain/bolt (34)]
 71855 | Vaults:4 | HP: 33/184 [yaktaur captain (12)]
 71867 | Vaults:4 | HP: 27/184 [ironbrand convoker/+0 morningstar (10)]
 72487 | Vaults:3 | HP: 85/184 [ironbrand convoker/+0 morningstar (11)]
 73286 | Vaults:4 | Got a faintly glowing mace
 73474 | Vaults:4 | Found Pugyrhi's Book Shop.
 73509 | Vaults:4 | Noticed Bai Suzhen
 73528 | Vaults:4 | Killed Bai Suzhen
 73715 | Vaults:5 | Entered Level 5 of the Vaults
 73776 | Vaults:3 | Reached skill level 18 in Invocations
 73889 | Depths:1 | Entered Level 1 of the Depths
 74022 | Depths:1 | Found a gateway to Hell.
 74580 | Depths:1 | Found a one-way gate to the infinite horrors of the Abyss.
 74869 | Depths:1 | HP: 91/184 [iron troll (12)]
 74871 | Depths:1 | Reached skill level 19 in Invocations
 74871 | Depths:1 | Reached XP level 21. HP: 81/191 MP: 33/33
 74873 | Depths:1 | HP: 30/191 [iron troll (29)]
 75330 | Depths:1 | Got a crude ruby amulet
 75331 | Depths:1 | Identified the amulet "Maoqom" {Gourm rPois Stlth+} (You
                  | found it on level 1 of the Depths)
 76188 | Depths:1 | Paralysed by something for 4 turns
 76189 | Depths:1 | HP: 95/191 [something/vampiric draining (10)]
 76191 | Depths:1 | HP: 42/191 [something (22)]
 76726 | Depths:2 | Identified the +3 long sword "Xunegakh" {protect, rF+ rN+
                  | MR+}
 76765 | Depths:2 | Reached skill level 20 in Invocations
 77124 | Depths:2 | HP: 91/191 [fire giant/fireball (23)]
 78361 | Depths:2 | Reached skill level 21 in Invocations
 78730 | Depths:2 | Got a dazzling ring mail
 78731 | Depths:2 | Identified the cursed +0 ring mail of Parts Unknown {Str+2
                  | Dex+3} (You found it on level 2 of the Depths)
 79158 | Orc:2    | Bought a wand of acid (8) for 312 gold pieces
 79564 | Depths:3 | Got a bloodstained hat
 79575 | Depths:3 | Identified the -1 hat of the Tundras {rF+++} (You acquired
                  | it on level 3 of the Depths)
 79632 | Depths:3 | HP: 95/191 [ice dragon/blast of cold (31)]
 79956 | Depths:3 | Got a fine plate armour
 79957 | Depths:3 | Identified the cursed +0 plate armour of the World {Regen+
                  | Str-4 Int+5} (You found it on level 3 of the Depths)
 80710 | Depths:3 | Noticed a juggernaut
 80728 | Depths:3 | Killed a juggernaut
 80728 | Depths:3 | Reached XP level 22. HP: 193/200 MP: 35/35
 80735 | Depths:3 | Identified the +11 falchion of Seac {protect, rElec Dex+4}
 80863 | Depths:3 | Reached skill level 22 in Invocations
 81134 | Depths:3 | Identified the +5 short sword of Fesoreys {speed, -Tele
                  | Int+4}
 81503 | Depths:3 | Found a one-way gate leading to the halls of Pandemonium.
 82144 | Depths:4 | HP: 100/200 [poisoned by a green very ugly thing]
 82149 | Depths:4 | HP: 79/200 [poisoned by a green very ugly thing]
 82155 | Depths:4 | HP: 77/200 [poisoned by a green very ugly thing]
 82160 | Depths:4 | HP: 74/200 [poisoned by a green very ugly thing]
 82165 | Depths:4 | HP: 73/200 [poisoned by a green very ugly thing]
 82170 | Depths:4 | HP: 68/200 [poisoned by a green very ugly thing]
 82175 | Depths:4 | HP: 68/200 [poisoned by a green very ugly thing]
 82183 | Depths:4 | HP: 70/200 [poisoned by a green very ugly thing]
 82628 | Depths:4 | Paralysed by something for 2 turns
 82631 | Depths:4 | HP: 100/200 [poisoned by a vampire knight]
 82636 | Depths:4 | Reached skill level 23 in Invocations
 83583 | Depths:4 | Found a snail-covered altar of Cheibriados.
 83797 | Depths:4 | Found a gateway to a ziggurat.
 84252 | Zig:1    | Entered Level 1 of a ziggurat
 84362 | Depths:5 | Entered Level 5 of the Depths
 84362 | Depths:5 | Found a runed translucent door.
 84363 | Depths:5 | Noticed Polaczum's ghost (adept TrMo)
 84370 | Depths:4 | HP: 97/200 [poisoned by a redback]
 84375 | Depths:4 | HP: 87/200 [poisoned by a redback]
 84380 | Depths:4 | HP: 79/200 [poisoned by a redback]
 84385 | Depths:4 | HP: 70/200 [poisoned by a redback]
 84390 | Depths:4 | HP: 65/200 [poisoned by a redback]
 84395 | Depths:4 | HP: 61/200 [poisoned by a redback]
 84401 | Depths:4 | HP: 60/200 [poisoned by a redback]
 84407 | Depths:4 | HP: 59/200 [poisoned by a redback]
 84413 | Depths:4 | HP: 60/200 [poisoned by a redback]
 84420 | Depths:4 | HP: 61/200 [poisoned by a redback]
 85046 | Depths:5 | Noticed Jory
 85047 | Depths:5 | Found a magical portal.
 85152 | Depths:5 | HP: 79/200 [ice dragon/blast of cold (26)]
 85166 | Depths:5 | HP: 78/200 [deep troll earth mage (5)]
 85188 | Depths:5 | HP: 45/200 [frost giant/bolt of cold (42)]
 85191 | Depths:5 | Noticed a caustic shrike
 85191 | Depths:5 | Noticed a caustic shrike
 85191 | Depths:5 | Noticed a caustic shrike
 85191 | Depths:5 | Noticed a caustic shrike
 85194 | Depths:5 | HP: 46/200 [caustic shrike (1)]
 85199 | Depths:5 | HP: 40/200 [deep elf high priest/divine providence (13)]
 85203 | Depths:5 | HP: 4/200 [deep elf high priest/damnation (30)]
 85672 | Depths:5 | Killed a caustic shrike
 85672 | Depths:5 | Reached skill level 24 in Invocations
 85775 | Depths:4 | Killed a caustic shrike
 85925 | Depths:4 | Killed a caustic shrike
 85925 | Depths:4 | Reached XP level 23. HP: 186/206 MP: 38/38
 85982 | Depths:4 | Killed a caustic shrike
 86053 | Depths:5 | Killed Jory
 86285 | Depths:5 | HP: 89/206 [frost giant/bolt of cold (26)]
 86299 | Depths:5 | HP: 67/206 [frost giant/bolt of cold (28)]
 86775 | Depths:5 | HP: 94/206 [??? (92)]
 87571 | Depths:4 | HP: 102/206 [poisoned by a green draconian (poison gas)]
 87576 | Depths:4 | HP: 96/206 [poisoned by a green draconian (poison gas)]
 87581 | Depths:4 | HP: 94/206 [poisoned by a green draconian (poison gas)]
 87586 | Depths:4 | HP: 92/206 [poisoned by a green draconian (poison gas)]
 87591 | Depths:4 | HP: 91/206 [poisoned by a green draconian (poison gas)]
 87596 | Depths:4 | HP: 91/206 [poisoned by a green draconian (poison gas)]
 87603 | Depths:4 | HP: 92/206 [poisoned by a green draconian (poison gas)]
 87611 | Depths:4 | HP: 94/206 [poisoned by a green draconian (poison gas)]
 88406 | Depths:5 | Found a gate to the Realm of Zot.
 88627 | Depths:4 | Killed Polaczum's ghost
 89625 | Slime:1  | Entered Level 1 of the Pits of Slime
 89636 | Slime:1  | Reached skill level 25 in Invocations
 90270 | Slime:4  | HP: 80/206 [disintegration (49)]
 90914 | Slime:5  | Entered Level 5 of the Pits of Slime
 91207 | Slime:5  | Noticed the Royal Jelly
 92115 | Slime:5  | Gained mutation: Your magical capacity is low. (-10% MP) [a
                  | shining eye]
 92120 | Slime:5  | Gained mutation: Your spells are a little easier to cast,
                  | but a little less powerful. [a shining eye]
 92126 | Slime:5  | HP: 84/206 [acid blob (33)]
 92500 | Slime:5  | Found a viscous altar of Jiyva.
 92532 | Slime:5  | Reached skill level 26 in Invocations
 92537 | Slime:5  | Killed the Royal Jelly
 92540 | Slime:5  | HP: 83/206 [acid blob (29)]
 92542 | Slime:5  | Gained mutation: Armour fits poorly on your strangely
                  | shaped body. [a shining eye]
 92544 | Slime:5  | Gained mutation: Your body sometimes deteriorates upon
                  | taking damage. [a shining eye]
 92559 | Slime:5  | HP: 58/206 [acid (7)]
 93030 | Slime:5  | Gained mutation: You are frail. (-10% HP) [a shining eye]
 94333 | Slime:5  | Identified Ruloc's Compendium of Torrid Combat Magic
 94384 | Slime:5  | Identified Sif Muna's Incunabulum of Darkness
 94389 | Slime:5  | Identified the Incunabulum of Shifting Air
 94410 | Slime:5  | Got a slimy rune of Zot
 94940 | Zot:1    | Entered Level 1 of the Realm of Zot
 95001 | Zot:1    | Lost mutation: Your body sometimes deteriorates upon taking
                  | damage. [potion of mutation]
 95001 | Zot:1    | Lost mutation: Your spells are a little easier to cast, but
                  | a little less powerful. [potion of mutation]
 95001 | Zot:1    | Lost mutation: Your magical capacity is low. (-10% MP)
                  | [potion of mutation]
 95001 | Zot:1    | Gained mutation: You are agile. (Dex +2) [potion of
                  | mutation]
 95001 | Zot:1    | Lost mutation: You are frail. (-10% HP) [potion of
                  | mutation]
 95001 | Zot:1    | Gained mutation: You are resistant to electric shocks.
                  | (rElec) [potion of mutation]
 95110 | Zot:1    | Reached XP level 24. HP: 203/214 MP: 39/39
 95140 | Zot:2    | Noticed a Killer Klown
 95140 | Zot:2    | Noticed an orb of fire
 96724 | Zot:1    | Reached skill level 27 in Invocations
 96767 | Zot:1    | Killed a Killer Klown
 97329 | Zot:2    | Noticed a Killer Klown
 97500 | Zot:1    | Killed a Killer Klown
 98253 | Zot:4    | HP: 96/216 [death cob (20)]
 98254 | Zot:4    | HP: 47/216 [death cob (11)]
 98254 | Zot:4    | HP: 23/216 [quicksilver dragon/bolt of dispelling energy
                  | (24)]
 98254 | Zot:4    | HP: 6/216 [death cob (17)]
 98254 | Zot:4    | Slain by a yellow draconian knight

Levels and vault maps discovered:
D:1:      ebering_trefoil_twist, layout_basic
D:2:      kennysheep_big_flooded_room, layout_loops_corners, minitemple,
          minmay_tall_x
D:3:      layout_basic, lightli_sewer_entry_pipes, first_ration
D:4:      layout_rooms, serial_undead, serial_undead_b, serial_undead_b,
          serial_undead_b, serial_undead_e, uniq_pikel, uniq_robin
D:5:      layout_gridville, serial_shops, nicolae_shop_overgrown_old_shop
D:6:      layout_rooms, minmay_temple_entry_hall
D:7:      layout_loops_ring, the_bakery
D:8:      layout_rooms, gammafunk_temple_overflow_elements, erik_lair_dragon,
          serial_ice, serial_ice_a, serial_ice_d, serial_ice_b, serial_ice_h,
          serial_ice_f, serial_ice_j, serial_ice_g, serial_ice_e, uniq_maurice,
          uniq_harold
D:9:      layout_small_grid, amethyst_overflow_temple_binary, serial_shops,
          shop, abandoned_shop
D:10:     layout_cave_pools, kennysheep_nondescript, grunt_nemelex_the_gamble,
          uniq_gastronok, uniq_nergalle
D:11:     layout_rooms, minmay_orc_entry_guard_dogs, trove_entry_hex_spiral,
          uniq_snorg
D:12:     layout_irregular_city, portal_ice_cave_entry_pillars_1,
          grunt_qazlal_clouds
D:13:     layout_cave_pools, hangedman_vaults_entry_quadrant_bands
D:14:     kennysheep_tiny_hell, layout_rooms, fedhas_altar_1,
          hangedman_glass_teeth, nemelex_diamond_rough_becter
D:15:     grunt_enter_depths_hoard, layout_cave_pools, basic_altar,
          serial_bayou_pond_d
Lair:1:   layout_chaotic_city, lemuel_fruit_fields, serial_bayou_shore_a
Lair:2:   layout_layer_cave, chequers_serial_rivers_micro_b
Lair:3:   layout_misc_corridors
Lair:4:   layout_regular_city, minmay_shoals_entry_lonely_mermaid,
          dummy_spider_entry, lemuel_fruit_fields, grunt_megastairs_3
Lair:5:   layout_small_grid, dpeg_slime_entry_corner
Lair:6:   minmay_lair_end_frog_pond, layout_loops_ring, serial_bayou_shore_b,
          infiniplex_staircase_pool_2
Shoals:1: layout_shoals
Shoals:2: layout_shoals, nicolae_shoals_aquamancer_cove
Shoals:3: layout_shoals, nicolae_shoals_seven_spires
Shoals:4: shoals_end_grunt_ice, layout_shoals, shoals_ilsuiw_ice
Spider:1: layout_spider_delve
Spider:2: layout_spider_delve, nicolae_spider_cling_ruins
Spider:3: layout_chambers, hive_lemuel
Spider:4: grunt_spider_rune_circles, ebering_ghost_reflecting_pool
Slime:1:  layout_caves
Slime:2:  layout_caves, cheibrodos_slime_lost_civilization_4
Slime:3:  layout_caves
Slime:4:  layout_caves
Slime:5
Orc:1:    layout_diamond_mine, serial_shops, shop, uniq_erica, uniq_urug,
          uniq_jorgrun
Orc:2:    st_orc_town, layout_caves
Vaults:1: v_misc_3, v_misc_5, ontoclasm_vaults_hangar, nicolae_vaults_alarming,
          vaults_room_grunt_arrival_ludios, layout_vaults_quadrants,
          serial_shops, nicolae_shop_overgrown_old_shop
Vaults:2: grunt_vaults_bifocal, v_misc_22, vaults_room_hangedman_quadrants,
          v_misc_27, v_misc_25, nicolae_vaults_ninety_degrees,
          nicolae_vaults_little_squares_3, hangedman_vaults_maws,
          vaults_room_octagon, vaults_room_hallway, ontoclasm_vaults_gateway,
          ontoclasm_vaults_chip, vaults_room_large_hall,
          nicolae_vaults_ring_of_whatevers, nicolae_vaults_little_squares_4,
          layout_vaults_big_cross
Vaults:3: nicolae_vaults_inception_scallops, hangedman_vaults_stream,
          vaults_standard_mumra_enter_the_diamond, hangedman_vaults_restitches,
          vaults_room_fours, v_misc_2, ontoclasm_vaults_ligature,
          minmay_crypt_entry_simple_box, kb_rosetta, hangedman_vaults_cutoff,
          ontoclasm_vaults_bender, v_alt_pattern_3, layout_vaults_maze_bifur,
          serial_glass
Vaults:4: v_misc_23, v_rooms_1, v_rooms_4, v_pattern_2, st_lines,
          nicolae_vaults_little_squares_2, nicolae_vaults_mini_display_case,
          v_misc_29, nicolae_vaults_specimen_jars, vaults_room_door_ring,
          layout_vaults_big_room, serial_shops, shop, uniq_bai_suzhen
Vaults:5
Depths:1: layout_cave_pools, serial_rivers, chequers_serial_rivers_marsh,
          chequers_serial_rivers_room_a, chequers_serial_rivers_marsh,
          chequers_serial_rivers_large_a, chequers_serial_rivers_small_3,
          chequers_serial_rivers_small_b, abyss_entry, hell_entry,
          serial_sigils_hangedman_scratch, nrook_campfire, drop_trap,
          minmay_fire_ice_demons
Depths:2: nicolae_legendary_halls, layout_small_grid, grunt_hell_entry_dis_old,
          abyss_entry, minmay_hedge_maze, infiniplex_staircase_x
Depths:3: evilmike_hourglass, layout_cave_pools, pf_hell_entry_great_geh,
          rand_demon_pan_entry_9, minmay_misc_feat_columns, skrybe_limestone_x
Depths:4: minmay_the_grid_four_pointed_star_mashed
          [minmay_the_grid_triangle_9x9_windchime,
          minmay_the_grid_triangle_9x9_wacky_v,
          minmay_the_grid_triangle_9x9_tough_junction,
          minmay_the_grid_triangle_9x9_sparse_checkered,
          minmay_the_grid_prize_trominoes], layout_basic, enter_ziggurat_e,
          lightli_too_deep, abyss_entry, cheibriados_altar_1, serial_rivers,
          chequers_serial_rivers_room_a, chequers_serial_rivers_room_a,
          chequers_serial_rivers_small_3, chequers_serial_rivers_micro_a,
          chequers_serial_rivers_micro_a, grunt_ministairs_4, uniq_mennas
Depths:5: grunt_zot_entry_alcove, layout_twisted_cross,
          ebering_ghost_inner_flame, minmay_misc_feat_iff,
          hangedman_tar_grid_catacomb, mu_enter_wizlab_1,
          chequers_decorated_corner, serial_bayou_shore_b, uniq_jory
Zot:1:    layout_misc_corridors, st_small_dragon_hoard_4, st_stairs_6,
          grunt_ministairs_3, bh_zot_ikea_curve, nicolae_lava_and_water,
          hangedman_zot_decor_scrapings
Zot:2:    layout_gridville, st_single_dragon_hoard_3, evilmike_ambush
          [evilmike_ambush_outer_corners, evilmike_ambush_inner_wall_1]
Zot:3:    layout_onion_interference
Zot:4:    layout_gridville, evilmike_ambush [evilmike_ambush_outer_basic,
          evilmike_ambush_inner_wall_1]

Skill      XL: |  1  2  3  4  5  6  7  8  9 10 11 12 13 14 15 16 17 18 19 20 21 22 23 24 |
---------------+-------------------------------------------------------------------------+-----
Unarmed Combat | 1 3 4 6 7 9 10 11 12 14 15 16 17 18 19 20 | 20.7
Fighting       | 1 3 4 6 7 8 9 10 11 12 13 14 15 16 17 | 17.7
Invocations    | 1 3 4 5 6 7 8 9 10 11 12 13 14 16 19 21 24 26 27 | 27.0
Armour         | 1 3 4 6 7 9 10 11 12 13 14 15 16 | 16.1
Evocations     | 2 4 5 6 |  6.0
Dodging        | 4 6 7 9 10 11 | 11.8
Shields        | 5 8 10 12 14 15 | 15.4
Stealth        | 3 5 |  5.0
Spellcasting   | 2 |  2.9
Conjurations   | |  0.6
Air Magic      | |  2.1

Action                   |  1- 3 |  4- 6 |  7- 9 | 10-12 | 13-15 | 16-18 | 19-21 | 22-24 || total
-------------------------+-------+-------+-------+-------+-------+-------+-------+-------++-------
Melee: Unarmed           |   102 |   261 |   445 |   681 |  1428 |  2136 |  1771 |  1546 ||  8370
       Headbutt          |    13 |    31 |    84 |   137 |   288 |   431 |   430 |   437 ||  1851
       Punch             |     2 |     3 |     7 |    33 |    37 |       |       |       ||    82
 Cast: Shock             |     9 |     3 |       |       |       |       |       |       ||    12
Invok: Stomp             |       |     5 |     3 |     4 |    51 |    24 |    11 |    48 ||   146
       Line Pass         |       |     2 |     4 |     2 |     3 |     7 |     1 |     3 ||    22
       Grand Finale      |       |       |       |       |       |     9 |     3 |     6 ||    18
Evoke: Wand              |       |       |     1 |       |     1 |     1 |       |     2 ||     5
       Box of beasts     |       |       |       |     1 |       |     1 |       |     1 ||     3
       Lamp of fire      |       |       |       |       |     1 |     1 |     1 |       ||     3
       Fan of gales      |       |       |       |       |       |       |     1 |       ||     1
       Phial of floods   |       |       |       |       |       |       |     1 |       ||     1
       Phantom mirror    |       |       |       |       |       |       |     1 |       ||     1
  Use: Scroll            |       |    10 |     9 |     9 |    10 |    11 |    10 |    14 ||    73
       Potion            |       |       |     1 |     8 |     1 |     7 |       |     9 ||    26
 Stab: Sleeping          |     1 |     1 |       |       |     4 |     1 |       |       ||     7
       Confused          |       |       |     3 |       |     1 |     2 |     1 |     6 ||    13
       Paralysed         |       |       |    11 |    37 |   112 |   192 |   208 |   156 ||   716
       Invisible         |       |       |       |     4 |       |     3 |       |       ||     7
       Distracted        |       |       |       |       |       |     2 |       |       ||     2
  Eat: Chunk             |     3 |    13 |    14 |    17 |    49 |    76 |    41 |    14 ||   227
       Ration            |       |       |     2 |     4 |     6 |     6 |     4 |    16 ||    38
Armor: Robe              |    21 |    49 |       |       |       |       |       |       ||    70
       Chain mail        |       |    97 |   145 |       |       |   437 |     3 |       ||   682
       Plate armour      |       |       |   178 |   482 |   306 |       |       |       ||   966
       Ring mail         |       |       |       |       |   187 |    20 |       |       ||   207
       Troll leather arm |       |       |       |       |    50 |       |       |       ||    50
       Leather armour    |       |       |       |       |   123 |   294 |       |       ||   417
       Ice dragon scales |       |       |       |       |       |       |   225 |   172 ||   397
       Storm dragon scal |       |       |       |       |       |       |   240 |   311 ||   551
Dodge: Dodged            |    77 |   159 |   136 |   212 |   786 |  1069 |   600 |   643 ||  3682
Block: Shield            |       |       |       |       |   443 |  1216 |   697 |   633 ||  2989
       Large shield      |       |       |       |       |       |       |   253 |   308 ||   561
